AoeStats
← wascue

MegaRandom

507326918Analyzed
4v4 RM · 15d ago on Sep 17, 2026· 51m 1s· 8 players
Game mode
Random Map
Map size
Large (8 player)
Population
200
Speed
Normal
Resources
Standard
Victory
Conquest
Starting age
Dark Age
Ending age
Imperial Age
RankedLock teamsTeams togetherTeam positionsShared explorationLock speedFull tech treeHidden civsTurbo modeCheats
Victory
Defeat
🇦🇷 Tatars · Argentina
895
+15
🇹🇷 Spanish · Türkiye
885
+15
🇩🇰 Berbers · Denmark
856
+17
🇦🇷 Italians · Argentina
837
+17
🇹🇷 Turks · Türkiye
970
-20
🇧🇷 Bohemians · Brazil
953
-19
🇦🇷 Japanese · Argentina
821
-14
🇪🇨 Teutons · Ecuador
732
-11
mm_ken
3:08 Loom
11:09 Feudal Age
12:29 Fishing Lines
12:56 Town Watch
13:19 Double-Bit Axe
16:22 Fletching
19:08 Castle Age
17:49 Wheelbarrow
17:28 Gold Mining
17:22 Horse Collar
20:17 Scale Barding Armor
21:09 Bow Saw
23:31 Bloodlines
24:42 Gold Shaft Mining
24:33 Gillnets
24:58 Medium Warships
26:23 Husbandry
26:48 Forging
27:45 Hand Cart
27:38 Light Cavalry
29:41 Iron Casting
29:30 Chain Barding Armor
30:27 Kasbah
34:28 Imperial Age
32:54 Iron Casting
34:59 Heavy Camel Rider
36:57 Cavalier
38:51 Heavy Warships
38:49 Stone Mining
41:06 Heavy Warships
40:36 Hussar
43:19 Plate Barding Armor
42:41 Bodkin Arrow
43:56 Blast Furnace
44:41 Conscription
44:36 Maghrebi Camels
wascue
2:05 Loom
10:17 Feudal Age
11:50 Wheelbarrow
11:01 Double-Bit Axe
11:00 Horse Collar
18:41 Castle Age
18:45 Gold Mining
18:46 Stone Mining
19:44 Hand Cart
19:41 Bow Saw
19:33 Heavy Plow
26:06 Stone Shaft Mining
27:52 Scale Barding Armor
27:57 Forging
30:30 Chain Barding Armor
30:45 Iron Casting
32:43 Imperial Age
30:02 Town Watch
30:45 Town Patrol
31:11 Ballistics
30:48 Murder Holes
31:12 Masonry
31:59 Bloodlines
31:49 Husbandry
31:38 Light Cavalry
32:14 Fletching
32:24 Padded Archer Armor
34:27 Chemistry
34:00 Architecture
33:52 Conscription
33:23 Elite Conquistador
36:03 Plate Barding Armor
36:28 Blast Furnace
35:44 Leather Archer Armor
35:24 Bodkin Arrow
36:54 Two-Man Saw
38:28 Hussar
42:08 Bracer
42:38 Ring Archer Armor
42:09 Scale Mail Armor
44:55 Chain Mail Armor
46:20 Plate Mail Armor
SHEGO
0:27 Loom
9:34 Feudal Age
10:13 Feudal Age
10:50 Double-Bit Axe
11:43 Wheelbarrow
11:04 Fishing Lines
11:21 Horse Collar
17:15 Castle Age
15:42 Gold Mining
15:49 Stone Mining
16:51 Wheelbarrow
18:24 Bow Saw
18:03 Town Watch
21:11 Hand Cart
26:48 Imperial Age
25:23 Town Patrol
26:42 Stone Shaft Mining
26:44 Gillnets
27:33 Masonry
28:53 Two-Man Saw
28:16 Treadmill Crane
29:38 Chemistry
28:57 Heavy Plow
30:05 Murder Holes
30:20 Arson
30:35 Squires
33:49 Forging
33:40 Scale Mail Armor
33:31 Fletching
34:54 Architecture
34:45 Ballistics
35:44 Iron Casting
36:01 Pirotechnia
36:27 Hoardings
36:13 Conscription
36:21 Conscription
36:47 Chain Mail Armor
36:28 Bodkin Arrow
38:25 Blast Furnace
37:31 Caravan
39:17 Plate Mail Armor
QueMatracaAriel
2:17 Loom
12:07 Feudal Age
12:41 Double-Bit Axe
12:40 Fishing Lines
14:32 Bloodlines
17:16 Forging
18:11 Horse Collar
22:20 Castle Age
20:50 Scale Mail Armor
20:58 Scale Barding Armor
21:17 Gold Mining
23:21 Husbandry
23:58 Wheelbarrow
23:22 Stone Mining
23:44 Bow Saw
23:37 Heavy Plow
23:40 Gillnets
25:47 Chain Barding Armor
27:03 Hand Cart
28:18 Iron Casting
28:32 Town Watch
30:20 Town Patrol
32:43 Gold Shaft Mining
34:53 Imperial Age
35:19 Treadmill Crane
36:43 Blast Furnace
36:19 Plate Barding Armor
36:06 Conscription
36:02 Elite Keshik
38:31 Medium Warships
39:44 Heavy Warships
40:26 Guilds
42:45 Heavy Cavalry Archer
43:18 Fletching
45:14 Ballistics
45:30 Bodkin Arrow
45:36 Padded Archer Armor
50:30 Silk Armor
CucoxEvolution
9:33 Loom
11:52 Feudal Age
12:27 Stone Mining
13:15 Wheelbarrow
12:26 Double-Bit Axe
12:24 Horse Collar
18:24 Castle Age
19:56 Squires
21:01 Heavy Plow
24:12 Scale Mail Armor
24:23 Forging
26:31 Bow Saw
28:39 Arson
29:55 Pikeman
32:03 Hand Cart
32:30 Gold Mining
33:22 Stone Shaft Mining
32:36 Town Watch
34:23 Iron Casting
34:04 Chain Mail Armor
39:48 Gambesons
39:25 Man-at-Arms
43:38 Imperial Age
40:38 Long Swordsman
44:41 Conscription
47:53 Blast Furnace
47:23 Plate Mail Armor
47:55 Siege Engineers
48:11 Ballistics
48:53 Chemistry
48:00 Halberdier
NeverArabia
10:28 Feudal Age
9:23 Loom
15:11 Double-Bit Axe
17:29 Castle Age
19:46 Chemistry
20:07 Fervor
20:18 Sanctity
21:27 Wheelbarrow
25:59 Horse Collar
27:13 Heavy Plow
27:57 Hand Cart
27:44 Fishing Lines
33:33 Imperial Age
31:34 Bow Saw
32:06 Treadmill Crane
35:16 Conscription
35:02 Wagenburg Tactics
35:32 Town Watch
35:59 Elite Hussite Wagon
43:13 Houfnice
46:25 Pikeman
47:05 Squires
47:18 Forging
47:08 Scale Mail Armor
48:27 Siege Engineers
48:46 Halberdier
50:03 Iron Casting
49:43 Chain Mail Armor
KarasukWarrior
6:02 Loom
10:23 Feudal Age
11:07 Double-Bit Axe
14:39 Wheelbarrow
18:33 Castle Age
18:01 Horse Collar
25:07 Imperial Age
22:57 Bow Saw
27:00 Two-Man Saw
26:02 Heavy Plow
29:54 Padded Archer Armor
30:42 Ballistics
33:51 Stone Mining
35:07 Leather Archer Armor
37:22 Gold Mining
39:24 Hand Cart
42:36 Elite Janissary
44:53 Ring Archer Armor
LUC
1:35 Loom
11:01 Feudal Age
14:56 Fishing Lines
15:45 Double-Bit Axe
18:39 Castle Age
17:33 Stone Mining
18:57 Gold Mining
21:20 Gillnets
21:20 Pikeman
23:49 Bow Saw
25:55 Wheelbarrow
36:54 Imperial Age
38:07 Conscription
37:12 Halberdier
38:48 Elite Samurai
40:11 Scale Mail Armor
40:21 Forging
40:09 Elite Skirmisher
Connection lost

Rejoining the realm…

Still unreachable

The connection could not be restored.

Session expired

The server has moved on; the page needs a fresh start.